Map: Blackpink LE

Players

ILIEKEGGPIE

  • Race: Protoss Protoss
  • League: Platinum
  • Spawn Location: 1:00

chromoi - Winner!

  • Race: Zerg Zerg
  • League: Platinum
  • Spawn Location: 7:00

VOD

Have the link to the VOD?

Description

Time

  • Played on: April 26, 2018, 7:01 a.m.
  • Length: 8:52
Show
View Real Time Build Order
Export as new Build Order

ILIEKEGGPIE Protoss 

Build Orders:  

Get SALT Encoding   

  12  0:00  Probe  
  13  0:13  Probe  
  14  0:19  Pylon  
  14  0:26  Probe  
  15  0:38  Probe  
  16  0:44  Gateway  
  16  0:50  Probe  
  16  0:53  Assimilator  
  17  1:02  Probe  
  17  1:04  Pylon  
  18  1:10  Probe  
  19  1:19  Probe  
  20  1:30  Forge  
  20  1:35  Cybernetics Core  
  20  1:38  Probe  
  21  1:43  Assimilator  
  21  1:52  Gateway  
  21  1:53  Probe  
  22  2:03  Pylon  
  22  2:11  Pylon  
  22  2:20  Probe  
  23  2:27  Stalker  
  23  2:28  Warp Gate  
  25  2:34  Probe  
  28  2:49  Pylon  
  28  2:55  Probe  
  28  3:15  Pylon  
  25  3:25  Zealot, Pylon  
  27  3:34  Stargate  
  27  3:47  Gateway  
  27  3:50  Gateway  
  27  3:52  Sentry  
  27  4:38  Oracle  
  30  4:46  Pylon  
  30  4:48  Adept  
  31  5:15  Oracle  
  34  5:25  Stalker  
  34  5:26  Stalker x2  
  25  6:09  Zealot  
  22  6:35  Sentry  
  22  6:36  Probe  
  24  6:44  Probe  
  24  6:46  Pylon  
  25  6:52  Void Ray  
  30  6:54  Probe  
  29  7:06  Probe  
  28  7:09  Zealot  
  28  7:10  Zealot x2  
  30  7:26  Void Ray  
  34  7:37  Probe  
  35  7:49  Probe  
  36  8:01  Probe  
  37  8:12  Phoenix  
  36  8:13  Probe  
  36  8:19  Stalker  
  39  8:25  Probe  
  40  8:38  Probe  
Show
View Real Time Build Order
Export as new Build Order

chromoi Zerg - Winner!

Build Orders: Hatch First 

Get SALT Encoding   

  12  0:01  Drone  
  13  0:09  Drone  
  14  0:21  Overlord  
  14  0:27  Extractor  
  14  0:28  Drone  
  14  0:29  Extractor  
  14  0:30  Drone  
  16  0:39  Drone  
  17  0:46  Drone  
  18  1:01  Extractor  
  18  1:02  Drone  
  18  1:03  Hatchery  
  17  1:06  Drone  
  18  1:19  Drone  
  19  1:32  Drone  
  20  1:35  Extractor  
  20  1:38  Spawning Pool  
  18  1:49  Drone x2  
  20  2:27  Zergling x10  
  20  2:28  Queen  
  27  2:38  Zergling x2  
  27  2:41  Metabolic Boost  
  28  3:17  Overlord x3  
  28  3:34  Lair  
  28  3:36  Drone x4  
  28  3:37  Drone  
  33  3:53  Drone x3  
  33  3:54  Drone x2  
  38  4:03  Drone  
  35  4:25  Overlord  
  35  4:27  Zergling x16  
  42  4:31  Queen  
  42  4:36  Spire  
  43  4:38  Extractor x2  
  35  6:03  Zergling x2  
  35  6:04  Zergling x22  
  46  6:05  Spore Crawler  
  46  6:06  Spore Crawler  
  39  6:42  Overlord x2  
  39  6:48  Overlord  
  39  6:49  Drone x3  
  39  6:50  Drone x2  
  39  6:52  Overlord x4  
  37  7:22  Mutalisk x5  
  37  7:23  Mutalisk x3  
  53  7:37  Drone x2  
  53  7:38  Drone x4  
  59  7:50  Mutalisk x4  
  66  8:15  Mutalisk  
  66  8:16  Mutalisk x4  
  66  8:19  Drone x2  
  79  8:20  Drone x2  
Tags
 
Matchup
PvZ
Replay Pack
Multi
Spawn Locations
Cross Positions
Add a new tag
Caveats
  • Supply blocks, unpowered buildings, or Contaminate may cause inaccurate times.
  • Supply counts are checked every 10 seconds.